 Dungeon Crawl Stone Soup version 0.29-a0-25-g7f48f510a0 (webtiles) character file.

Game seed: 11675398299255808029

259 robertstho the Magician (level 6, -6/43 HPs)
             Began as a Djinni Fire Elementalist on Jan 31, 2022.
             Mangled by an iguana (9 damage)
             ... on level 4 of the Dungeon.
             The game lasted 00:03:54 (4378 turns).

robertstho the Magician (Djinni Fire Elementalist)  Turns: 4378, Time: 00:03:55

Health: -6/43      AC:  3    Str:  7    XL:     6   Next: 40%
Gold:   175        EV: 12    Int: 19    God:
                   SH:  0    Dex: 13

rFire   + + .      SeeInvis .   d - +1 short sword (holy)
rCold   x . .      Faith    .   (no shield)
rNeg    . . .      Spirit   .   a - +0 robe
rPois   ∞          Reflect  .   k - +0 helmet
rElec   .          Harm     .   g - scarf {+Inv}
rCorr   .          Rampage  .   (no gloves)
Will    .....                   (boots unavailable)
Stlth   ++........              (no amulet)
HPRegen 0.14/turn               (no ring)
MPRegen 0.00/turn               (no ring)

@: flying
A: sickness immunity, fire resistance 2, cold vulnerability 1, float, innate
caster, HP casting, extra vitality 1
a: Evoke Invisibility


You were on level 4 of the Dungeon.
You visited 1 branch of the dungeon, and saw 4 of its levels.

You collected 175 gold pieces.

Inventory:

Hand Weapons
 d - a +1 short sword of holy wrath (weapon)
Armour
 a - a +0 robe (worn)
 g - a scarf of invisibility (worn)
 k - a +0 helmet (worn)
Jewellery
 j - a +4 ring of evasion
 n - an amulet of faith
Scrolls
 b - a scroll of silence
 c - a scroll of amnesia {unknown}
 f - a scroll of magic mapping
Potions
 e - 2 potions of brilliance {unknown}
 h - a potion of attraction {unknown}
 i - a potion of curing {unknown}
 l - a potion of might {unknown}
 m - a potion of heal wounds {unknown}


   Skills:
 * Level 1.7 Fighting
 + Level 2.3 Dodging
 + Level 1.9 Stealth
 * Level 4.8 Spellcasting


You couldn't memorise any spells.
You knew the following spells:

 Your Spells              Type           Power      Damage    Failure   Level
a - Foxfire               Conj/Fire      88%        2x1d8     1%          1
b - Scorch                Fire           44%        2d7       2%          2
c - Conjure Flame         Conj/Fire      22%        6-21      5%          3
d - Inner Flame           Hex/Fire       22%        N/A       5%          3
e - Flame Wave            Conj/Fire      22%        2d7       17%         4
f - Slow                  Hex            88%        N/A       1%          1
g - Searing Ray           Conj           44%        2d6       2%          2
Your spell library was empty.

Dungeon Overview and Level Annotations

Branches:
Dungeon (4/15)
 Temple: D:4-7

Altars:


Innate Abilities, Weirdness & Mutations

You are immune to sickness and miasma.
You are immune to poison.
Your flesh is very heat resistant. (rF++)
You are vulnerable to cold. (rC-)
You float through the air rather than walking.
You learn spells naturally, not from books.
Your magical power is your life essence.
You have superior vitality. (+4 MHP)


Message History

Casting: Scorch (safe; 2% risk of failure)
Confirm with . or Enter, or press ? or * to list all spells.
Flames lash the ball python.
You kill the ball python!
Casting: Scorch (safe; 2% risk of failure)
Confirm with . or Enter, or press ? or * to list all spells.
Flames lash the goblin.
The goblin is severely wounded.
The goblin's fire resistance burns away.
The goblin hits you with a +0 dagger. The iguana barely misses you.
Casting: Scorch (safe; 2% risk of failure)
Confirm with . or Enter, or press ? or * to list all spells.
Flames lash the iguana.
The iguana is heavily wounded.
The iguana's fire resistance burns away.
The goblin hits you with a +0 dagger. The iguana bites you!
Casting: Scorch (safe; 2% risk of failure)
Confirm with . or Enter, or press ? or * to list all spells.
Flames lash the goblin.
The goblin is burned terribly!
You kill the goblin!
The iguana bites you!
Casting: Scorch (safe; 2% risk of failure)
Confirm with . or Enter, or press ? or * to list all spells.
Flames lash the iguana but do no damage.
The iguana bites you!
* * * LOW HITPOINT WARNING * * *
The iguana is no longer more vulnerable to fire.
Okay, then.
Casting: Scorch (safe; 2% risk of failure)
Confirm with . or Enter, or press ? or * to list all spells.
Okay, then.
Casting: Scorch (safe; 2% risk of failure)
Confirm with . or Enter, or press ? or * to list all spells.
Aiming: Slow (safe; 1% risk of failure)
Press: ? - help, Shift-Dir - straight line, f - iguana
Aim: an iguana (heavily wounded, chance to affect: 71%)
The iguana seems to slow down.
* * * LOW HITPOINT WARNING * * *
The iguana bites you!
You die...

.!. .#.=... #.#
#.# ...!.#.#..
...#..).....
#.#.#)##.#.#
#...........
#.#.#.##.###.#
#.............
#.#.##l###.###
##.#.##@###.####
.....†..........
...######..#####
..........##
##.####.### ..
##.####
#.##.....#
#.##..##.#
#.##..##.#


You could see an iguana (slow).

Vanquished Creatures
  A necrophage (D:3)
  A scorpion (D:4)
  5 adders
  A worm (D:2)
  2 dart slugs (D:2)
  2 orcs
  3 endoplasms
  A giant cockroach (D:2)
  9 goblins
  4 hobgoblins
  6 jackals (D:1)
  2 quokkas (D:3)
  9 ball pythons
  4 bats (D:1)
  5 frilled lizards
  6 kobolds
  6 rats
67 creatures vanquished.

Vanquished Creatures (others)
  238 foxfires
238 creatures vanquished.

Grand Total: 305 creatures vanquished

Notes
Turn   | Place    | Note
-------+----------+-------------------------------------------
     0 | D:1      | robertstho the Djinni Fire Elementalist began the quest for
                  | the Orb.
     0 | D:1      | Reached XP level 1. HP: 15/15 MP: 0/0
   201 | D:1      | Reached XP level 2. HP: 12/21 MP: 0/0
   709 | D:1      | Reached skill level 3 in Spellcasting
   929 | D:1      | Reached XP level 3. HP: 23/26 MP: 0/0
   929 | D:1      | Learned a level 1 spell: Slow
  2094 | D:2      | Reached XP level 4. HP: 27/31 MP: 0/0
  2726 | D:3      | Reached skill level 1 in Fighting
  2756 | D:3      | Found a faded altar of an unknown god.
  3032 | D:3      | Noticed a necrophage
  3042 | D:3      | Killed a necrophage
  3043 | D:3      | Reached skill level 4 in Spellcasting
  3043 | D:3      | Reached XP level 5. HP: 28/37 MP: 0/0
  3043 | D:3      | Learned a level 2 spell: Searing Ray
  3997 | D:3      | Reached XP level 6. HP: 37/42 MP: 0/0
  4378 | D:4      | Mangled by an iguana

Illustrated notes

Levels and vault maps discovered:
D:1:      dpeg_arrival_shrine, layout_basic
D:2:      layout_basic, amcnicky_mini_rare_corridor_liquid
D:3:      layout_basic, ebering_ecumenical_altar_webs, minmay_misc_feat_rows
D:4:      layout_loops_ring, nicolae_alphabet_shops, minmay_diced_spiral

Skill      XL: |  1  2  3  4 |
---------------+-------------+-----
Spellcasting   | 3 4 |  4.8
Fighting       | 1 |  1.7
Dodging        | |  2.3
Stealth        | |  1.9

Action                   |  1- 3 |  4- 6 || total
-------------------------+-------+-------++-------
Melee: Short sword       |       |     3 ||     3
 Cast: Foxfire           |    92 |    51 ||   143
       Scorch            |     4 |    22 ||    26
       Slow              |       |     1 ||     1
  Use: Scroll            |       |     2 ||     2
Armor: Robe              |     1 |     3 ||     4
Dodge: Dodged            |     5 |     6 ||    11

Table legend: (Time is in decaauts)
 A = Elapsed time spent in this place.
 B = Non-inter-level travel time spent in this place.
 C = Inter-level travel time spent in this place.
 D = Time resting spent in this place.
 E = Time spent auto-exploring this place.
 F = Levels seen in this place.
 G = Mean time per level.
                   A        B        C        D        E       F      G
               +--------+--------+--------+--------+--------+-----+--------+
         Total |   4377 |   4241 |    136 |      0 |   3860 |   4 | 1094.2 |
       Dungeon |   4377 |   4241 |    136 |      0 |   3860 |   4 | 1094.2 |
               +--------+--------+--------+--------+--------+-----+--------+

Top non-repeatable levels by time:
     D:1: 1600 daAuts
     D:3: 1520 daAuts
     D:2: 1120 daAuts
     D:4: 136 daAuts
